cohdb
Replays
Latest Replays
All Replays
Popular Replays
Top Player Replays
Match Explorer
How It Works
Community
CoH3 Stats
Reddit
Sign in to upload your games and track your stats! →
Sign in with Steam
Match 39741404
Unlisted
Match 39741404
Overview
Messages
Build Orders
End
Panzergrenadier Squad
Selects Panzerjäger Kommand Battlegroup
Selects Blockade Equipment
250 Light Carrier
Panzergrenadier Squad
Construct Light Support Kompanie
Fire Support Elements
Selects GrB 39 Grenade Launcher Requisition
MG34 Team
Panzergrenadier Squad
Assault Mechanized Group
Panzergrenadier Squad
Selects Crew Shock Tactics
Construct Panzerarmee Kommand
Panzer III L Medium Tank
Veteran Squad Leaders
Panzergrenadier Squad
2.5-tonne Medical Truck
Armored Reserves
MR.Elpőehant
LasseLover123
Frangerhawer
Kylen
elevate
FFozzii
0
0
Comments
sign in to comment!
No comments posted yet!